 Dungeon Crawl Stone Soup version 0.14-a0-736-g2a71271 (webtiles) character file.

143 Malachi the Insei (level 3, 0/28 HPs)
             Began as a Draconian Transmuter on Nov 7, 2013.
             Slain by a bat (1 damage)
             ... on Level 2 of the Dungeon.
             The game lasted 00:01:36 (1347 turns).

Malachi the Ruffian (Draconian Transmuter)          Turns: 1347, Time: 00:01:37

HP   0/28        AC  5     Str 12      XL: 3   Next: 82%
MP   4/4         EV 14     Int 14      God:
Gold 83          SH  0     Dex 12      Spells:  1 memorised,  5 levels left

Res.Fire  : . . .   See Invis. : .     - Unarmed
Res.Cold  : . . .   Warding    : .   (armour unavailable)
Life Prot.: . . .   Conserve   : .   (no shield)
Res.Poison: .       Res.Corr.  : .   (helmet restricted)
Res.Elec. : .       Clarity    : .   (no cloak)
Sust.Abil.: . .     Spirit.Shd : .   (no gloves)
Res.Mut.  : .       Stasis     : .   (no boots)
Res.Rott. : .       Flight     : .   (no amulet)
Saprovore : . . .                    h - +2 ring of evasion
                                     l - +1 ring of dexterity

@: not resistant to hostile enchantments, unstealthy
A: unfitting armour, AC +5
a: no special abilities


You were on level 2 of the Dungeon.
You were not hungry.

You visited 1 branch of the dungeon, and saw 2 of its levels.

You collected 83 gold pieces.

Inventory:

Missiles
 b - 31 arrows
Magical devices
 f - a wand of enslavement (9) {unknown}
Comestibles
 a - a bread ration
 i - a pear
 n - a choko
 p - a chunk of adder flesh
Scrolls
 g - a scroll of teleportation {unknown}
 j - a scroll of random uselessness {unknown}
 k - 2 scrolls of remove curse {unknown}
 m - a scroll of blinking {unknown}
 q - 3 scrolls of recharging {unknown}
Jewellery
 h - a +2 ring of evasion (right hand)
 l - a +1 ring of dexterity (left hand)
Potions
 c - 2 potions of resistance {unknown}
 e - a potion of magic {unknown}
 o - a potion of curing {unknown}
Books
 d - a book of Changes

   Spells                             Type                      Level
   *Beastly Appendage                 Transmutation                1
   Sticks to Snakes                   Transmutation                2
   Spider Form                        Transmutation/Poison         3
   Ice Form                           Ice/Transmutation            4
   Blade Hands                        Transmutation                5


   Skills:
 + Level 1.1 Fighting
 + Level 2.5 Dodging
 * Level 3.9 Unarmed Combat
 - Level 2.0 Spellcasting
 * Level 2.6 Transmutations


You had 5 spell levels left.
You knew the following spells:

 Your Spells              Type           Power        Failure   Level  Hunger
a - Beastly Appendage     Trmt           #.....       10%         1    ##.....


Dungeon Overview and Level Annotations

Branches:
Dungeon (2/27)

Altars:


Message History

A bat comes into view.
The bat hits you.
* * * LOW HITPOINT WARNING * * *
You hit the bat but do no damage. The bat hits you.
* * * LOW HITPOINT WARNING * * *
You miss the bat.
Your tail-slap misses the bat.
The bat hits you but does no damage. The bat hits you but does no damage.
The bat hits you but does no damage. The bat misses you.
The bat barely misses you. The bat closely misses you.
You barely miss the bat.
Your tail-slap misses the bat.
The bat hits you but does no damage. The bat barely misses you.
You closely miss the bat. The bat barely misses you. The bat misses you.
The bat hits you.
* * * LOW HITPOINT WARNING * * *
You barely miss the bat. The bat barely misses you. The bat misses you.
You closely miss the bat. The bat hits you.
You die...

.# ....##.###
##.#.##.......#
....!.........####
#...>.............
#.######...[..####
#.# #...%...$.# #.#
#.#####..##
######.###w#
#.#.###
........##.# #@#...
.........#.#
#b#.#.#
#.##.#...#.#####w.#
#..........w.....##
#.##.##..#########
#.##.....#
#...)...##
.....#### ######


You could see a worm and a bat.

Vanquished Creatures
  2 adders (D:2)
  2 worms (D:2)
  2 giant geckos (D:1)
  An ooze (D:2)
  A bat (D:1)
  3 giant cockroaches (D:1)
  3 hobgoblins
  2 jackals (D:1)
  2 giant newts (D:2)
  6 goblins
  3 kobolds
  A rat (D:2)
28 creatures vanquished.

Notes
Turn   | Place    | Note
--------------------------------------------------------------
     0 | D:1      | Malachi, the Draconian Transmuter, began the quest for the Orb.
     0 | D:1      | Reached XP level 1. HP: 16/16 MP: 1/1
   228 | D:1      | Reached XP level 2. HP: 23/23 MP: 3/3
  1049 | D:2      | Reached XP level 3. HP: 20/28 MP: 4/4
  1336 | D:2      | HP: 1/28 [bat (1)]
  1344 | D:2      | HP: 1/28 [bat (1)]
  1347 | D:2      | Slain by a bat

Action                   || total
-------------------------++-------
Melee: Unarmed           ||   127
 Cast: Beastly Appendage ||     5
 Stab: Sleeping          ||     1
